[Event "European Senior Team Chess Championship"]
[Site "Chess.com"]
[Date "2023.07.18"]
[Round "7"]
[White "Higgie, Charles L"]
[Black "Stadnicki, Andrzej"]
[Result "1-0"]
[ECO "D55"]
[WhiteElo "1924"]
[BlackElo "1648"]
[Annotator "Kemenade"]
[PlyCount "36"]
[EventDate "2023.??.??"]
[TimeControl "5400+30"]

1. d4 Nf6 2. c4 e6 3. Nc3 d5 4. Bg5 Be7 5. e3 O-O 6. Qc2 c6 7. Nf3 h6 8. h4 {[%emt 0:00:32] 75% Wh} (8. Bh4 {,main, 66% Wh}) 8... Nh7 (8... hxg5 {No games in database} 9. hxg5 $18 g6 (9... Ne4 10. Nxe4 dxe4 11. Qxe4 Qa5+ 12. Kd1 Qf5 (12... f5 13. Qh4 Kf7 14. Qh5+ g6 15. Qh7+ Ke8 16. Ne5 $18 {KD3.2}) 13. Qh4 f6 14. Qh5 {Cloud Engines} Rd8 15. e4 Qxe4 16. g6 Rxd4+ 17. Nxd4 Qxd4+ 18. Kc2 Qxf2+ 19. Be2 $18 {KD3.2}) 10. gxf6 Bxf6 11. O-O-O $18 {KD3.2}) 9. Bxe7 Qxe7 10. O-O-O (10. g4 $18 {Cloud Engines, 2-0}) (10. cxd5 exd5 $11 {Dragic-Haddock, AUS ch reserves, Melbourne 2002,1-0}) 10... f5 (10... Nf6 $14) 11. Ne5 $18 (11. g4 $18) 11... Re8 12. Be2 (12. g4 {KD3.2}) 12... Nf6 13. g4 Ne4 14. Nxe4 fxe4 15. f3 (15. g5 $18 {KD3.2}) 15... exf3 (15... Nd7 16. g5) 16. Bd3 $1 g5 17. Rdf1 (17. hxg5 Qxg5 18. Qf2 Nd7 19. Rh5 Qg7 20. g5 {KD3.2}) 17... Nd7 18. Ng6 e5 (18... Qf6 19. hxg5 Qxg5 20. Qf2 $18 e5 21. Qxf3 Nf6 22. dxe5 Bxg4 23. Qxf6 Qxf6 24. exf6 Rxe3 25. Kd2 $18 {KD3.2}) 1-0

[Event "European Senior Team Chess Championship"]
[Site "Chess.com"]
[Date "2023.07.19"]
[Round "8"]
[White "Higgie, Charles L"]
[Black "Jorgensen, Jorgen"]
[Result "0-1"]
[ECO "B05"]
[WhiteElo "1924"]
[BlackElo "2107"]
[Annotator "Kemenade"]
[PlyCount "84"]
[EventDate "2023.??.??"]
[TimeControl "5400+30"]

1. e4 Nf6 {[%emt 0:00:14] THis is not that common at the highest levels as Bl has to manage with a space disadvantage. Though there are regulars such as Rapport & Bortnyk, and Carslsen has used it on occasions. Locally Howard Williams has co-authored the Batsford book on the opening and continues to practice it.} 2. e5 Nd5 3. d4 d6 4. Nf3 Bg4 5. Be2 e6 6. O-O Be7 7. c4 Nb6 8. Nc3 O-O 9. Be3 {[%emt 0:00:48] main} (9. b3 $5) 9... d5 (9... N8d7 10. b3 {Brinck Claussen-Jorgensen, Norresundby 2000,1/2-1/2}) (9... Bxf3 10. Bxf3 d5 11. b3 Bg5 12. Bxg5 Qxg5 13. cxd5 exd5 14. Nxd5 Nxd5 15. Bxd5 c6 16. f4 Qh4 17. Bc4 $18 {Brinck Claussen-Jorgensen, Aalborg 1993,1/2-1/2}) 10. c5 Bxf3 11. gxf3 {[%emt 0:01:18] main} (11. Bxf3 {also played, but the text scores better}) 11... Nc8 12. b4 {[%emt 0:00:35] 68% for Wh} (12. f4 {main, 68% for Wh}) (12. Kh1 {Engines, 72% for Wh}) 12... b6 {[%emt 0:00:58] 3 Wh wins, 1 draw} (12... Bh4) (12... Nc6 {main lines}) 13. f4 {[%emt 0:02:27] 5-0} c6 14. Bd3 (14. a4 a6 15. Bd3 $16 {Engines}) 14... g6 $146 (14... f5 15. Kh1 {4.5-0.5}) 15. Ne2 (15. Qf3 $16 {KD3.2}) (15. a3 a5 16. Qc2 $16 {SF14}) 15... a5 16. a3 f5 (16... Na6 $16 {both Engines}) 17. Bd2 {[%emt 0:01:20] Wh controls more space on both sides of the board and Bl is struggling to find some counterplay.} (17. bxa5 Rxa5 18. Qc2 $16 {KD3.2}) (17. Qc2 Qc7 18. Rfb1 $16 {SF14}) 17... Qd7 (17... a4 {both Engines}) 18. Qc2 Qb7 19. Rfc1 (19. bxa5 bxa5 20. Rab1 $18 {both Engines}) 19... Bd8 20. b5 (20. bxa5 $18 {both Engines}) 20... bxc5 $2 (20... cxb5 21. Bxb5 Na7 (21... bxc5 22. Rab1 $16 {SF14}) 22. Rab1 $16 {KD3.2}) 21. Qxc5 (21. dxc5 $1 $18 {both Engines; the N gets to d4}) 21... Be7 (21... Na7 22. a4 Bb6 23. Qd6 Kf7 24. Rab1 $16 {KD3.2}) 22. bxc6 Qc7 23. Qb5 $18 {[%emt 0:02:21] The Bl Ns are more of a hindrance than an assett} Ra6 (23... Ra7 {KD3.2}) 24. Rab1 (24. Qb7 $1 {both Engines, Rudy & Lee- targets the passive Ns} Ra7 25. Qxc7 Rxc7 26. Bxa5 Rxc6 27. Rcb1 $1 Nd7 (27... Na7 28. Rb7) 28. Rb7 Ncb6 29. Bb5 $18 {KD3.2}) 24... Rb6 25. Qxa5 {[%emt 0:00:31] SF14} (25. Bxa5 {KD3.2} Rxb5 26. Bxc7 Rxb1 27. Rxb1 Nxc6 28. Bb5 N8a7 29. Bxc6 Nxc6 30. Rb6 Na7 (30... Nd8 31. a4 $18) 31. Rxe6 Bxa3 32. Bd6 Bxd6 33. Rxd6 Nb5 34. Rxd5 $18 {KD3.2}) 25... Nxc6 26. Rxb6 Nxb6 27. Qc3 {[%emt 0:06:30] Wh is having the usual problem with a clearly winning position- there are so many good moves to choose from, and deciding which is the most effective} (27. Qb5 $1 {both Engines} Nc4 (27... Rc8 28. Ba5 Bd8 29. Qa6 Qb8 (29... Rb8 30. Bb5) 30. Bxb6 Bxb6 31. Rb1 $18) 28. Bxc4 dxc4 29. Qxc4 $18 Rc8 30. Qxe6+ Kh8 31. d5 $18 {KD3.2}) 27... Rc8 28. Bb5 (28. Ba6 $1 $18 {both Engines}) 28... Nc4 29. Bxc4 dxc4 30. Qxc4 $18 Qd7 31. Qa6 (31. a4 Bd8 32. Qb5 $18 {both Engines}) 31... Kf7 (31... Rc7 {best} 32. a4 $18 {both Engines}) 32. d5 $1 $18 {[%emt 0:02:55] the correct break, but unfortunately Wh misses a nuance} exd5 33. Nd4 (33. Bb4 $1 {both Engines-removes Bl's target in the game continuation} d4 34. Nxd4 $18 {both Engines} Nxd4 35. Qxc8 Qxc8 36. Rxc8 $18) 33... Nxd4 34. Rxc8 Nf3+ 35. Kg2 Nxd2 {[%emt 0:00:08] Wh is still winning, but the line is difficult to find especially after the surprise of losing the B} 36. Rh8 (36. Rc6 $1 Kg7 (36... Kf8 $5 {Lee & Rudy} 37. e6 Qe8 38. Rc8 Bd8 39. Qd6+ $18) 37. e6 {both Engines} Qd8 38. Qb7 Nc4 39. Rc7 Kf6 40. Rd7 Qe8 41. a4 Bc5 42. Rxd5 Be7 43. Rd7 h5 44. Qc6 $18 {KD3.2}) 36... Kg7 $11 37. Qa8 (37. Rb8 d4 38. f3 $11 {both Engines}) 37... Kh6 38. Rb8 (38. Qg8 Bxa3 39. Qd8 Qxd8 40. Rxd8 Kg7 41. Rxd5 Ne4 42. Rd7+ $11 {KD3.2}) (38. a4 d4 39. f3 $11 {both Engines} Nc4 40. Qg8 Ne3+ {other moves lose} 41. Kg1 Bc5 42. Qd8 Qxd8 43. Rxd8 Kg7 44. Kf2 Kf7 45. Ke2 $11 {KD3.2}) 38... d4 $19 (38... Qc7 $1 $19 {both Engines} 39. Rc8 Qb6 40. Qxd5 Qa6 41. Qxd2 Qxc8 $19 {KD3.2}) 39. Rb2 Nc4 (39... Ne4 $1 $19 {KD3.2}) 40. Rb3 (40. Qb7 $1 {controls the vital long diagonal} Qe6 41. Rb3 g5 42. fxg5+ Kxg5 43. Rd3 Nxe5 44. Rxd4 Ng6 45. Kf1 Bc5 (45... Bxa3 46. Qxh7 $11) 46. Rd3 Qc4 47. Qg2+ Kf6 48. Qd5 Qc1+ 49. Rd1 Qxa3 $15 {KD3.2}) 40... d3 $19 41. Qg8 (41. Qf3 {both Engines} d2 42. Rd3 Ne3+ $1 43. Qxe3 d1=Q $19 {KD3,2}) 41... Nd2 (41... Qc6+ 42. Kg1 Ne3 {mating soon, both Engines ( giving up Q delays the process)}) 42. Rb6 Bc5 {[%emt 0:00:00] 0-} (42... Bc5 43. Rd6 Bxd6 44. Qd5 $19 {is the only way to delay the mate. Wh was highly unfortunate, the final result against the run of play in most of the game.}) 0-1

[Event "European Senior Team Chess Championship"]
[Site "Chess.com"]
[Date "2023.07.19"]
[Round "8"]
[White "Mikkelsen, Peter Jorgen Dam"]
[Black "Van Kemenade, Rudy"]
[Result "1-0"]
[ECO "A05"]
[WhiteElo "2116"]
[BlackElo "1934"]
[Annotator "Kemenade"]
[PlyCount "113"]
[EventDate "2023.??.??"]
[TimeControl "5400+30"]

1. Nf3 Nf6 2. g3 g6 3. Bg2 Bg7 4. d3 d6 5. O-O O-O 6. e4 e5 (6... c5 {main}) 7. c3 Nc6 8. Nbd2 h6 (8... Nh5 {main, 49% for Wh} 9. Nc4 Be6 {3 wins each}) 9. Re1 {[%emt 0:02:00] main, though Wh was unhappy with this move in pm analysis} Ne8 (9... Nh7 {3-2-4}) 10. Nc4 (10. b4 a6 11. a4 f5 12. Nh4 Rf6 13. exf5 g5 14. Bd5+ Kh7 15. Nhf3 Bxf5 16. Ne4 $16 {Topic-Zupancic, SLO op, Ljubljana 2014,0-1}) 10... f5 (10... Ne7 11. d4 exd4 12. cxd4 d5 13. exd5 Nxd5 14. Nfe5 $14 {Van der Weide-Webbink, NED ch tm 1994,1-0}) 11. exf5 gxf5 12. Qe2 (12. d4 e4 13. Nh4 Ne7 14. Bf4 $16 {KD3.2}) 12... Ne7 (12... e4 13. dxe4 fxe4 14. Nh4 d5 15. Ne3 Ne5 16. Nxd5 Qxd5 17. Bxe4 Qd8 18. Bf4 Rxf4 19. gxf4 Qxh4 20. fxe5 c6 21. Qc4+ Kh8 22. Qf7 Qg5+ 23. Kh1 Bg4 24. Qxb7 $16 {KD3.2}) 13. d4 (13. Nh4 $16 {Rudy & KD3.2}) 13... e4 14. Nfd2 (14. Nh4 b5 15. Ne3 d5 $14 {KD3.2} 16. Qxb5 c6 17. Qe2 Bf6 $15) 14... Ng6 $15 15. f4 Nf6 $17 16. a4 h5 17. h4 Ng4 $15 {[%emt 0:00:23] [draw?]} 18. Nf1 Be6 19. Nce3 d5 20. Nxg4 fxg4 (20... hxg4 {KD3.2}) 21. Be3 (21. b4 c6 $15 {KD3.2}) 21... Ne7 22. Bf2 Nf5 (22... a5 $15) (22... c6 $15) 23. Ne3 Qd7 $11 (23... Nd6 24. b4 c6 25. Bf1 a6 $15 {KD3.2}) 24. Red1 Rfd8 25. b3 Rac8 26. Nxf5 Bxf5 27. Be3 $11 Qe7 28. a5 a6 (28... c6) 29. Rac1 Qa3 (29... c6) 30. b4 Qa4 31. Bf1 Bd7 (31... Qd7 $11 {considered in pm analysis} 32. b5 Qxb5 33. Qxb5 axb5 34. Bxb5 Ra8 35. Ra1 c6 (35... Ra7 36. a6 bxa6 37. Ra5 Rd6 38. Rda1 Rb6 $11 {KD3.2}) 36. Be2 Kf7 37. Kf2 Bf6 $11 {KD3.2}) (31... Be6 $11) (31... Bf8 $11) 32. Qb2 Qc6 (32... Be6 33. Ra1 Qd7 $11) 33. c4 $16 Be6 34. b5 (34. cxd5 Qxd5 35. Rc5 Qb3 36. Qxb3 Bxb3 37. Rdc1 Bxd4 38. Bxd4 Rxd4 39. Rxh5 $16 (39. Rxc7 Rxc7 40. Rxc7 Rd1 41. Kf2 e3+ 42. Ke2 Rb1 43. Bg2 Rb2+ 44. Kf1 Ba4 $11 {KD3.2})) 34... axb5 (34... Qd7 35. bxa6 bxa6 36. f5 Bf7 37. Qf2 Rf8 38. f6 Bg6 39. Bg5 Rce8 40. Qe3 Bxf6 41. cxd5 $16 {KD3.2}) 35. cxb5 Qd7 36. Qa3 (36. Rc3 Bf8 37. a6 Bd6 38. Rdc1 Ra8 39. b6 cxb6 40. Bb5 Qe7 41. axb7 Qxb7 42. Bc6 $18 {KD3.2}) 36... Bf8 37. Qa1 (37. Qb3) 37... c6 $2 (37... Ra8 38. a6 Ra7 39. Rc2 $16 {KD3.2}) 38. bxc6 Rxc6 $2 (38... bxc6 39. a6 Rb8 40. Rc3 Bd6 41. Rb1 $18) 39. Bb5 Rxc1 40. Bxd7 Rxd1+ (40... Rxa1 41. Bxe6+ {missed earlier}) 41. Qxd1 Bxd7 $18 42. Qb3 Bc6 43. Bf2 (43. Qb6 Ra8 44. f5 $18) 43... Ra8 44. Be1 (44. Qb6) 44... Bg7 45. Bc3 Ra6 46. Qb2 (46. Kf2) 46... Kf7 47. f5 (47. Qa3 Ke6 48. f5+ Kxf5 49. Qe7 $18 {KD3.2}) 47... Bh6 (47... e3 48. Qa3 e2 49. Kf2 Bb5 50. Qb4 Bc4 51. Qxb7+ Kg8 52. Qc8+ Kh7 53. Qe8 $18 {KD3.2}) 48. Qa3 Bf8 49. Qc1 (49. Bb4 Bh6 50. Qc3) 49... Bb5 50. Qg5 Be2 51. Qxh5+ Kg8 52. Qg5+ (52. Qe8) 52... Kf7 53. Qd8 Bd6 (53... Bc4) 54. Qd7+ Kf8 55. f6 Bxg3 56. Qg7+ Ke8 57. Qe7# 1-0

[Event "European Senior Team Chess Championship"]
[Site "Chess.com"]
[Date "2023.07.20"]
[Round "9"]
[White "Schutz, Ingemar"]
[Black "Higgie, Charles L"]
[Result "1-0"]
[ECO "B89"]
[WhiteElo "2187"]
[BlackElo "1924"]
[Annotator "Kemenade"]
[PlyCount "57"]
[EventDate "2023.??.??"]
[TimeControl "5400+30"]

1. e4 c5 2. Nf3 d6 3. d4 cxd4 4. Nxd4 Nf6 5. Nc3 Nc6 6. Bc4 e6 7. Be3 Be7 8. Qe2 a6 9. O-O-O Bd7 10. Bb3 Qa5 11. f3 (11. f4 {4-1-4}) 11... O-O (11... b5 {4-1-7}) 12. g4 $14 {[%emt 0:01:17] 3-0} Nxd4 $146 {[%emt 0:05:40] Cloud Engines} 13. Bxd4 (13. Rxd4 $14 {Cloud Engines}) 13... Rfc8 (13... b5 {KomodoDragon3.2} 14. e5 dxe5 15. Qxe5 Bc6 16. Rhf1 Rad8 17. a3 Rd7 $11) 14. h4 $16 e5 (14... b5 15. e5 dxe5 16. Qxe5 Ne8 17. Qe3 b4 18. Nd5 $16 {KD3.2}) 15. Be3 $18 Rxc3 {[%emt 0:01:29] best try} 16. Bd2 Bb5 17. Qe1 Rxc2+ 18. Kxc2 Qd8 19. Kb1 Nd7 20. Be3 Rc8 21. g5 Nc5 22. Bxc5 Rxc5 23. Rc1 (23. Bd5) 23... b6 24. Qd2 Bc6 25. Rhg1 (25. Rhd1) 25... Kf8 26. Rxc5 bxc5 27. h5 (27. Bd5) 27... g6 28. hxg6 hxg6 29. Qh2 (29. Qh2 Bxg5 30. Qh8+ Ke7 31. Qxd8+ Kxd8 32. Rxg5) 1-0

[Event "European Senior Team Chess Championship"]
[Site "Chess.com"]
[Date "2023.07.20"]
[Round "9"]
[White "Hammar, Bengt"]
[Black "Hughes, Anthony"]
[Result "1-0"]
[ECO "B12"]
[WhiteElo "2113"]
[BlackElo "1850"]
[PlyCount "57"]
[EventDate "2023.??.??"]
[TimeControl "5400+30"]

1. e4 c6 2. d4 d5 3. e5 c5 4. dxc5 e6 5. Nf3 Bxc5 6. Bd3 f6 7. O-O Nc6 8. Bf4 fxe5 9. Nxe5 Nf6 10. Nd2 O-O 11. Ndf3 Bd7 12. c3 Be8 13. Ng5 Qe7 14. Qe2 Nxe5 15. Qxe5 Bf7 16. Rae1 Ng4 17. Qe2 Nxf2 18. Rxf2 e5 19. Be3 d4 20. cxd4 exd4 21. Bd2 Qd7 22. Bxh7+ Kh8 23. Qd3 Bc4 24. Qxc4 Rxf2 25. Kxf2 Rf8+ 26. Kg1 Bd6 27. Qd3 Qg4 28. Be4 Qh4 29. Qh3 1-0

[Event "European Senior Team Chess Championship"]
[Site "Chess.com"]
[Date "2023.07.17"]
[Round "6"]
[White "Holst, Per"]
[Black "Higgie, Charles L"]
[Result "1/2-1/2"]
[ECO "A24"]
[WhiteElo "2090"]
[BlackElo "1924"]
[Annotator "Kemenade"]
[PlyCount "72"]
[EventDate "2023.??.??"]
[TimeControl "5400+30"]

1. c4 Nf6 2. Nc3 g6 3. e4 e5 4. g3 Bg7 5. Bg2 O-O 6. Nge2 d6 7. O-O Be6 8. d3 c6 9. h3 d5 10. cxd5 cxd5 11. d4 Nxe4 12. Nxe4 dxe4 13. dxe5 Bxe5 14. Nf4 Bc4 15. Re1 f5 16. Qc2 Bf7 17. Be3 Nc6 $19 18. Red1 Qf6 19. Nd5 Bxd5 20. Rxd5 Nb4 21. Qb3 Nxd5 $19 22. Qxd5+ Rf7 (22... Kh8 $19) 23. Bf1 Kg7 24. Bc4 Rc7 25. Rd1 Bxb2 (25... h6 26. b3 Kh7 {KD3.2}) 26. Bf4 Rac8 (26... Rd8 27. Qxd8 Qxd8 28. Rxd8 Rxc4 $19 {easier with same colourBs}) 27. Bxc7 Rxc7 $19 28. Bb3 Qe7 29. Kg2 Rc5 (29... Bc3 30. h4 e3 31. fxe3 Qxe3 32. Rd3 (32. Qd3 Qxd3 33. Rxd3 Be5 $19) 32... Qe2+ 33. Kh3 Qf1+ 34. Kh2 Qe1 35. Qg8+ Kh6 36. Qf8+ Bg7 37. Qd8 Re7 38. Bd1 Be5 39. Kg2 Rf7 {the Engines say winning, but looks obscure to human eye}) 30. Qg8+ Kh6 31. h4 Re5 (31... Rc7 $17) 32. Qc8 Rc5 33. Rd7 $11 Rxc8 34. Rxe7 Rb8 35. Bd5 (35. g4 $1 $11) 35... Rd8 36. Bb3 (36. Be6 $11) 36... Rb8 (36... Rd2 37. Bg8 g5 38. Rxh7+ Kg6 39. h5+ Kf6 40. Rf7+ Ke5 41. Bh7 Ke6 42. Rxf5 e3 43. Rf3 Bd4 44. Kf1 Rxf2+ 45. Rxf2 exf2 $1 {Bl now has one passed pawn, and the possibility of advancing a pawn on the Q side with his more actve K to win the B, and then return to K side.This is a dangerous plan for Wh. on quite a few moves there is only one move that draws. and it only just fails to win by a tempo or two.} 46. a4 Kd5 47. h6 Kc5 48. Bf5 Kb4 49. Bd7 a6 50. h7 b5 51. axb5 axb5 52. h8=Q Bxh8 53. Kxf2 Kc4 54. g4 b4 55. Ke1 Kc3 56. Be8 b3 (56... Kb2 57. Kd2 b3 58. Bf7 Ka3 59. Kd3) 57. Kd1 b2 (57... Kb2 58. Bf7 Ka3 59. Kc1 Bb2+) 58. Bg6 Kb3 59. Bb1 $11) (36... Rd2 37. Bg8 Bg7 38. Rxb7 a5 39. Re7 Rd8 40. Bb3 Bf8 41. Rf7 Bc5 42. Rc7 Bb6 43. Rb7) (36... Bd4 37. Rxb7 Bb6 {gives some chances, but it looks as if W can survive with} 38. f4 e3 39. Kf3 Rd2 40. g4 fxg4+ 41. Kxg4 Rg2+ 42. Kh3 e2 43. Re7 Bc5 44. Re4 (44. Kxg2 Bxe7 45. Kf2 Bxh4+ 46. Kxe2 {also holds})) (36... b5 37. g4 {other moves lose} (37. Rxa7 Rd2 38. Bg8 Rxf2+ 39. Kg1 (39. Kxf2 Bd4+ 40. Kg2 Bxa7 {and Bl will get two connected passed pawns on the K side} 41. a3 {fails as the Wh B cant get to take b5 in time} (41. Bd5 b4 $19) 41... Bc5 $19) 39... Bg7 40. Re7 Rd2 41. Kf1 Rd8 42. Bb3 Bf8 43. Rb7 b4 (43... Rd2 44. Rxb5 Bd6 45. g4 e3 (45... fxg4 {also wins}) (45... f4 46. Rd5 {draws}) 46. Bc4 Rf2+ 47. Ke1 fxg4 48. Bf1 g3 49. Rb3 Bf4 50. Rb4 Bc7 51. Rg4 Ba5+ 52. Kd1 Rxf1+ {Engines}) 44. Ke2 Bd6 45. Kf2 Be5 46. Bc4 (46. Rxb4 Rd2+ 47. Ke3 Rd3+ 48. Ke2 Bxg3 {Bl gets 4 passed pawns}) 46... Rd2+ 47. Ke3 Rg2 48. Rxb4 Bxg3 {and wins the h pawn} 49. Bf1 {or Bl can just take the a pawn & return to collect h4} Rg1 50. Rb1 Bxh4 $19)) (36... b5 37. g4 {returning to best line for both sides} a6 (37... fxg4 38. Rxa7 Bd4 39. Rb7 Rf8 40. Kg3 Bxf2+ 41. Kxg4 Re8 42. Bf7 Rd8 43. Re7 e3 44. Re4 Kg7 45. Be8 Rd5 46. Kf3 Bxh4 47. Rxe3 {& Bl has two connected passed pawns on the K side}) 38. Be6 (38. Kg3 Rd3+ 39. Kg2 fxg4 40. Rxe4 Kh5 $19) 38... fxg4 39. Bxg4 Rd4 40. Be6 Ba3 41. Ra7 Bc5 42. Rc7 (42. Rxa6 Rd2 $19) 42... Bb6 43. Rb7 Bd8 44. Bg8 Bxh4 45. Rxh7+ Kg5 46. f4+ exf3+ 47. Kxf3 Rf4+ 48. Ke3 Bf2+ 49. Kd3 Rf6 $19 {Bl has the appropriate pawns oppotunities passed on one side, potential on the other for a pure B ending, while with Rs still on theter are mating possibilities as well.}) 1/2-1/2